 Dungeon Crawl Stone Soup version 0.18.1-48-g4cf74bf (console) character file.

67 lauthentik the Sneak (level 4, -1/30 HPs)
             Began as a Vampire Enchanter on July 4, 2016.
             Slain by an adder (5 damage)
             ... on level 3 of the Dungeon.
             The game lasted 00:04:59 (1204 turns).

lauthentik the Sneak (Vampire Enchanter)            Turns: 1204, Time: 00:04:59

Health: -1/30      AC:  3    Str:  7    XL:     4   Next: 0%
Magic:  2/7        EV: 10    Int: 18    God:
Gold:   165        SH:  6    Dex: 14    Spells: 2 memorised, 5 levels left

rFire  . . .     SeeInvis +     a - +1 dagger
rCold  + . .     Gourm    .     b - +1 robe
rNeg   + + .     Faith    +     l - +0 shield
rPois  +         Spirit   .     (no helmet)
rElec  .         Dismiss  .     (no cloak)
rCorr  .         Reflect  .     (no gloves)
SustAt .         Harm     .     (no boots)
MR     .....                    o - amulet of faith
Stlth  +++.......               (no ring)
                                (no ring)

@: very slightly contaminated, regenerating slowly, not resistant to hostile
enchantments, fairly stealthy
A: fangs 3, see invisible, unbreathing
a: Bat Form


You were on level 3 of the Dungeon.
You were very thirsty.

You visited 1 branch of the dungeon, and saw 3 of its levels.

You collected 165 gold pieces.

Inventory:

Hand Weapons
 a - a +1 dagger (weapon)
 p - a +0 dagger
Missiles
 q - 19 poisoned needles
Armour
 b - a +1 robe (worn)
 e - a +0 robe
 l - a +0 shield (worn)
 m - a +0 robe
Jewellery
 o - an amulet of faith (around neck)
Scrolls
 g - a scroll of magic mapping {unknown}
 h - 2 scrolls of identify {unknown}
 j - 2 scrolls of blinking {unknown}
 n - a scroll of immolation {unknown}
Potions
 d - a potion of blood
 f - a potion of haste {unknown}
 i - 2 potions of lignification {unknown}
 k - 3 potions of curing {unknown}
Books
 c - a book of Maledictions

   Spells                             Type                      Level
   a - Corona                         Hexes                        1
   b - Ensorcelled Hibernation        Hexes/Ice                    2
   c - Confuse                        Hexes                        3
   d - Tukima's Dance                 Hexes                        3
   e - Dazzling Spray                 Conjuration/Hexes            3


   Skills:
 + Level 0.1 Fighting
 + Level 1.1 Short Blades
 + Level 2.6 Dodging
 + Level 5.6 Stealth
 + Level 0.1 Shields
 + Level 2.5 Spellcasting
 + Level 5.1 Hexes
 + Level 0.4 Ice Magic


You had 5 spell levels left.
You knew the following spells:

 Your Spells              Type           Power        Failure   Level  Hunger
a - Ensorcelled Hibernat  Hex/Ice        ##....       69%         2    ##.....
b - Corona                Hex            ###....      17%         1    #......


Dungeon Overview and Level Annotations

Branches:
Dungeon (3/15)

Altars:
Dithmenos


Innate Abilities, Weirdness & Mutations

You heal slowly.
You have razor-sharp teeth.
You have supernaturally acute eyesight.
You can survive without breathing.


Message History

The giant cockroach bites you.
* * * LOW HITPOINT WARNING * * *
You hit the giant cockroach but do no damage.
You bite the giant cockroach.
The giant cockroach is moderately wounded.
You block the adder's attack. The giant cockroach barely misses you.
The adder bites you but does no damage. The giant cockroach barely misses you.
You hit the giant cockroach. Your bite misses the giant cockroach.
The giant cockroach is heavily wounded.
The adder bites you.
* * * LOW HITPOINT WARNING * * *
The giant cockroach bites you.
* * * LOW HITPOINT WARNING * * *
You block the giant cockroach's attack. The adder bites you but does no damage.
The adder bites you but does no damage.
Found 13 gold pieces.
You block the giant cockroach's attack. You block the adder's attack.
The adder bites you.
You die...

##... ... $..
##....
####.######......
#$...............
#...$....(......#
#................
#.......s......#
##...###S......#
#....##..@######
###.......####
##.........######.
#.#######.##.....
#.# ###....# #.#
##......#
#.####..#.<..#
#####.##...##....#
#.........###....#
##


You could see an adder and a giant cockroach.

Vanquished Creatures
  An adder (D:2)
  An ooze (D:2)
  An adder zombie (D:3)
  3 worms
  A dart slug (D:1)
  A giant gecko (D:1)
  2 giant cockroaches (D:1)
  3 hobgoblins (D:1)
  2 jackals (D:3)
  2 quokkas (D:2)
  9 bats
  A giant newt (D:2)
  5 goblins
  3 kobolds
  5 rats
40 creatures vanquished.

Notes
Turn   | Place    | Note
--------------------------------------------------------------
     0 | D:1      | lauthentik the Vampire Enchanter began the quest for the Orb.
     0 | D:1      | Reached XP level 1. HP: 13/13 MP: 3/3
   120 | D:1      | Reached XP level 2. HP: 12/19 MP: 5/5
   124 | D:1      | Learned a level 2 spell: Ensorcelled Hibernation
   279 | D:1      | Reached skill level 5 in Stealth
   650 | D:2      | Reached XP level 3. HP: 24/24 MP: 4/6
   689 | D:2      | Found a shadowy altar of Dithmenos.
   997 | D:2      | Reached skill level 5 in Hexes
  1169 | D:3      | Reached XP level 4. HP: 12/30 MP: 4/7
  1204 | D:3      | Slain by an adder

Skill      XL: |  1  2  3 |
---------------+----------+-----
Stealth        | 5 |  5.6
Hexes          | 5 |  5.1
Fighting       | |  0.1
Short Blades   | |  1.1
Dodging        | |  2.6
Shields        | |  0.1
Spellcasting   | |  2.5
Ice Magic      | |  0.4

Action                   |  1- 3 |  4- 6 || total
-------------------------+-------+-------++-------
Melee: Dagger            |    94 |     4 ||    98
       Bite              |     8 |     1 ||     9
 Cast: Corona            |     2 |       ||     2
       Ensorcelled Hiber |    17 |       ||    17
 Stab: Sleeping          |    29 |       ||    29
Armor: Robe              |    20 |     6 ||    26
Dodge: Dodged            |    54 |     8 ||    62
Block: Shield            |    11 |     6 ||    17
